Map: Orbital Shipyard

Players

Smile

  • Race: Terran Terran
  • League: Master

TheMakzy - Winner!

  • Race: Terran Terran
  • League: Master

VOD

Have the link to the VOD?

Description

Time

  • Played on: Feb. 26, 2016, 12:42 p.m.
  • Length: 31:16
Show
View Real Time Build Order
Export as new Build Order

Smile Terran 

Build Orders: 1/1/1, Liberator Opening 

Get SALT Encoding   

  12  0:01  SCV  
  13  0:13  SCV  
  14  0:19  Supply Depot  
  14  0:25  Refinery  
  14  0:28  SCV  
  15  0:40  SCV  
  16  0:46  Barracks  
  16  0:53  SCV  
  17  0:58  Refinery  
  17  1:05  SCV  
  18  1:17  SCV  
  19  1:33  Factory  
  19  1:35  Reaper  
  20  1:40  Orbital Command  
  20  1:54  Supply Depot  
  20  2:07  SCV  
  21  2:09  Reaper  
  22  2:17  Hellion  
  22  2:19  Starport  
  24  2:23  SCV  
  25  2:36  SCV  
  26  2:40  Supply Depot  
  26  2:41  Hellion  
  26  2:42  Reaper  
  28  2:59  Medivac  
  28  3:04  Hellion  
  28  3:05  SCV  
  33  3:19  Liberator  
  33  3:23  Command Center, SCV  
  34  3:30  Factory Tech Lab  
  34  3:35  SCV  
  38  3:47  Barracks Reactor  
  38  3:48  SCV  
  39  4:08  Supply Depot, Engineering Bay  
  39  4:17  Cyclone, SCV  
  43  4:30  Viking, Marine  
  46  4:34  Missile Turret  
  45  4:42  Missile Turret  
  45  4:44  Orbital Command, SCV  
  44  4:52  Siege Tank, Marine  
  47  4:53  Marine  
  49  5:00  SCV  
  50  5:12  SCV  
  51  5:18  SCV  
  51  5:20  Viking, Marine x2  
  54  5:38  SCV  
  55  5:46  Marine x2  
  55  5:47  Siege Tank  
  60  5:52  SCV  
  58  5:58  SCV  
  58  6:04  Marine  
  59  6:06  SCV  
  59  6:10  SCV  
  60  6:11  Command Center  
  60  6:17  Viking  
  62  6:18  SCV  
  62  6:20  Barracks  
  62  6:22  SCV  
  64  6:32  SCV  
  62  6:35  Supply Depot, Refinery  
  62  6:40  SCV  
  62  6:43  Barracks Tech Lab  
  62  6:44  SCV  
  62  6:45  Barracks  
  64  6:49  Starport Reactor, Refinery  
  64  6:52  SCV  
  65  6:56  Siege Tank, SCV  
  69  7:03  Supply Depot  
  69  7:04  SCV  
  69  7:06  Stimpack  
  69  7:08  SCV  
  71  7:16  Marine, SCV  
  71  7:20  SCV  
  74  7:28  Siege Tank  
  77  7:36  SCV  
  73  7:43  Marine x2, SCV  
  73  7:44  Marine  
  63  7:52  SCV  
  63  7:54  Marine  
  54  8:00  Siege Tank  
  54  8:01  Marine x3  
  42  8:06  SCV  
  42  8:11  Marine  
  44  8:14  SCV  
  44  8:15  SCV  
  44  8:19  Marine x3  
  42  8:29  Marine  
  42  8:32  Siege Tank  
  42  8:35  Orbital Command  
  42  8:37  Marine x3, SCV  
  42  8:38  SCV  
  43  8:41  Medivac  
  43  8:43  Medivac  
  43  8:47  Marine  
  48  8:49  SCV  
  48  8:50  SCV  
  48  8:54  Marine  
  48  8:55  Marine x2  
  53  9:01  SCV x2  
  53  9:02  SCV  
  56  9:05  Marine  
  56  9:06  Combat Shields  
  56  9:09  Terran Infantry Weapons Level 1  
  57  9:13  SCV x2  
  57  9:14  SCV  
  60  9:18  Marine  
  60  9:19  Marine  
  60  9:21  Barracks Reactor  
  60  9:22  Medivac  
  60  9:23  Marine  
  65  9:25  SCV  
  65  9:28  SCV  
  65  9:30  SCV  
  68  9:35  Orbital Command, Supply Depot  
  68  9:37  SCV  
  69  9:39  Siege Tank, Marine  
  69  9:42  Marine x2  
  75  9:48  SCV  
  76  9:57  Marine  
  76  9:59  Marine  
  77  10:00  Marine  
  72  10:11  Siege Tank, Marine x2  
  75  10:15  Marine  
  75  10:17  Marine  
  75  10:18  Medivac x2  
  75  10:19  SCV x3  
  76  10:23  Barracks  
  76  10:26  Barracks  
  76  10:28  Marine  
  77  10:29  Marine  
  77  10:30  Marine  
  77  10:31  SCV x2  
  81  10:35  Marine  
  81  10:36  Marine  
  81  10:37  SCV  
  81  10:42  Supply Depot  
  84  10:43  SCV x2  
  84  10:49  SCV  
  87  10:51  Medivac x2  
  91  11:00  Marine x2  
  91  11:03  Terran Infantry Armor Level 1  
  91  11:04  Marine x3  
  96  11:05  SCV x2  
  96  11:07  SCV  
  99  11:11  Barracks Reactor  
  99  11:12  Barracks Reactor, Refinery  
  99  11:17  Siege Tank  
  99  11:18  Marine  
  103  11:21  Refinery  
  103  11:24  Marine x2  
  105  11:29  Marine x2  
  105  11:31  SCV  
  108  11:41  SCV  
  101  11:47  Marine  
  101  11:48  Marine  
  101  11:49  Marine  
  101  11:51  Siege Tank, Marine x6  
  101  11:52  Medivac  
  101  11:53  Medivac  
  102  12:04  Marine  
  102  12:06  Marine x2  
  103  12:08  Marine  
  103  12:09  Marine x2  
  103  12:13  Marine x3  
  109  12:30  Supply Depot, Marine x6  
  109  12:31  Supply Depot  
  109  12:34  Marine  
  109  12:36  Supply Depot  
  109  12:37  Supply Depot  
  116  12:41  Marine  
  117  12:47  Medivac x2, Siege Tank  
  117  12:49  Marine  
  117  12:51  Armory, Engineering Bay  
  120  13:00  Marine x2  
  122  13:13  Marine  
  122  13:14  Marine  
  121  13:20  Siege Tank  
  121  13:25  Marine  
  121  13:29  SCV  
  121  13:33  Marine x2  
  102  13:38  SCV  
  102  13:40  Marine x2  
  77  13:44  Marine  
  72  13:52  Marine  
  61  14:08  Orbital Command  
  55  14:24  Marine  
  53  14:34  Marine  
  53  14:36  Orbital Command  
  52  14:42  Marine  
  53  14:58  Marine x4  
  55  15:00  Marine  
  56  15:12  Terran Infantry Weapons Level 2  
  56  15:20  Medivac x2  
  60  15:30  Marine x2  
  60  15:32  SCV  
  63  15:41  Marine x3  
  63  15:42  Siege Tank  
  69  15:45  SCV x2  
  71  15:51  Medivac x2  
  71  15:56  Terran Infantry Armor Level 2  
  75  15:58  Terran Vehicle Weapons Level 1  
  75  16:01  Marine  
  75  16:02  Marine  
  77  16:09  Marine x2  
  77  16:10  Sensor Tower, Missile Turret  
  77  16:11  Sensor Tower, SCV  
  80  16:22  Marine x2  
  82  16:33  Marine x3  
  82  16:34  Siege Tank  
  88  16:40  Marine x2  
  90  16:50  Marine  
  90  16:51  Marine x2  
  93  16:57  Medivac x2  
  93  16:58  Marine x2  
  99  17:08  Siege Tank, Marine  
  102  17:09  Marine x2  
  105  17:16  Marine x2  
  107  17:26  Marine x3  
  107  17:28  Supply Depot  
  110  17:33  Marine  
  110  17:34  Marine  
  76  17:44  Marine x2  
  78  17:51  Marine x2  
  78  17:56  Terran Infantry Weapons Level 3  
  80  18:01  Marine  
  80  18:02  Marine  
  82  18:11  Marine x2  
  64  18:19  SCV  
  50  18:21  Marine  
  45  18:29  Marine  
  45  18:30  Marine  
  45  18:32  Marine  
  46  18:35  Marine  
  46  18:37  Siege Tank  
  46  18:38  Marine  
  51  18:47  Marine  
  51  18:48  Marine  
  53  18:50  Marine  
  53  18:53  Marine  
  55  18:56  Marine  
  53  19:05  Marine x2  
  53  19:08  Marine  
  56  19:28  Siege Tank, Marine x3  
  56  19:30  Medivac, Marine x2  
  66  19:45  Marine  
  66  19:46  Marine x2  
  69  20:01  Siege Tank  
  72  20:07  Orbital Command  
  72  20:11  Marine x4  
  72  20:12  Marine  
  75  20:29  Marine x3  
  56  20:42  Marine x2  
  56  20:54  Marine x2  
  58  20:59  Marine  
  58  21:00  Marine x2  
  58  21:01  Siege Tank  
  64  21:13  Medivac x2  
  64  21:17  Marine  
  64  21:18  Marine x2  
  71  21:31  Marine  
  71  21:32  Marine  
  73  21:34  Siege Tank  
  76  21:43  Marine  
  72  21:59  Marine x2  
  54  22:05  Marine  
  47  22:09  Marine  
  46  22:17  Marine  
  44  22:23  Marine  
  36  22:38  Factory  
  34  23:38  Orbital Command  
  33  23:50  Starport x2  
  33  23:52  Command Center  
  33  24:28  Starport Tech Lab x2  
  33  24:31  Refinery  
  33  24:33  Refinery  
  33  24:49  Cloaking Field  
  33  25:25  Banshee  
  36  25:55  Orbital Command  
  36  26:08  Banshee  
  39  26:14  Starport Tech Lab  
  39  26:21  Marine  
  40  26:31  Supply Depot, SCV  
  41  26:32  Supply Depot  
  41  26:39  Marine  
  42  26:43  SCV  
  42  26:45  Raven  
  45  26:49  Orbital Command  
  45  26:57  Marine  
  45  26:59  Orbital Command  
  46  27:13  SCV  
  47  27:35  Raven  
  49  27:38  Marine  
  50  27:53  Raven  
  50  27:56  Marine  
  53  28:00  Supply Depot  
  53  28:14  Marine  
  54  28:32  Marine  
  54  28:39  Orbital Command  
  54  28:41  SCV  
  44  28:49  Marine  
  44  28:54  SCV  
  46  28:56  Raven  
  48  29:05  SCV  
  48  29:06  SCV  
  48  29:07  Marine  
  51  29:10  Raven  
  53  29:17  SCV  
  53  29:18  SCV  
  53  29:22  Barracks  
  53  29:23  Barracks  
  55  29:25  Marine  
  55  29:29  SCV  
  55  29:30  SCV  
  58  29:41  SCV, Refinery  
  58  29:42  Bunker  
  58  29:43  Supply Depot, Marine, SCV  
  61  29:54  SCV  
  62  30:01  Supply Depot  
  62  30:02  Raven, Marine, SCV  
  62  30:06  Supply Depot, SCV  
  67  30:11  Marine  
  68  30:15  SCV  
  68  30:16  Marine  
  68  30:19  SCV  
  71  30:29  Raven  
  71  30:32  Marine  
  74  30:37  Marine  
  74  30:40  Marine  
  76  30:50  Marine  
Show
View Real Time Build Order
Export as new Build Order

TheMakzy Terran - Winner!

Build Orders: 1/1/1 

Get SALT Encoding   

  12  0:00  SCV  
  13  0:13  SCV  
  14  0:17  Supply Depot  
  14  0:25  SCV  
  14  0:27  Refinery  
  15  0:39  SCV  
  16  0:46  Barracks  
  16  0:51  SCV  
  17  1:03  SCV  
  18  1:08  Refinery  
  18  1:15  SCV  
  19  1:27  SCV  
  20  1:38  Factory  
  20  1:40  Orbital Command  
  20  1:42  Reaper  
  21  1:51  Supply Depot  
  21  2:06  SCV  
  22  2:15  Reaper  
  23  2:18  SCV  
  26  2:23  Hellion  
  26  2:26  Starport  
  26  2:34  Supply Depot, SCV  
  29  2:44  Hellion  
  29  2:46  SCV  
  29  2:47  Reaper  
  31  3:00  SCV  
  34  3:05  Hellion  
  34  3:09  Medivac  
  36  3:17  Command Center  
  36  3:26  Barracks Reactor  
  34  3:36  SCV  
  35  3:43  Starport Tech Lab  
  35  3:47  Engineering Bay  
  35  3:48  Supply Depot  
  35  3:52  Factory Tech Lab  
  35  3:54  SCV  
  34  4:03  Cloaking Field  
  34  4:04  Banshee  
  34  4:06  Marine x2  
  39  4:18  SCV  
  39  4:19  Siege Tank  
  43  4:29  Marine x2  
  42  4:46  SCV  
  42  4:49  Banshee  
  42  4:52  Marine  
  47  4:56  Marine  
  47  4:58  Orbital Command  
  47  4:59  SCV  
  48  5:08  Missile Turret  
  48  5:11  SCV  
  49  5:22  Siege Tank  
  49  5:23  Marine x2  
  54  5:32  Viking  
  55  5:39  Missile Turret  
  55  5:41  SCV  
  55  5:42  Missile Turret  
  49  6:10  Siege Tank, Marine x2  
  54  6:24  SCV x2  
  56  6:38  Marine x2  
  58  6:40  Medivac  
  60  6:55  SCV x2  
  62  7:02  Supply Depot  
  62  7:16  Siege Tank, Marine x2, SCV  
  63  7:47  Marine x2  
  52  8:05  Marine x2  
  43  8:14  Siege Tank  
  43  8:15  Barracks  
  43  8:16  Barracks  
  43  8:23  Marine x2  
  43  8:24  SCV x2  
  43  8:25  Command Center  
  47  8:29  Terran Infantry Weapons Level 1  
  43  8:36  SCV x2  
  46  8:47  Engineering Bay  
  50  8:48  SCV x2  
  50  8:50  Siege Tank  
  50  8:54  Starport Reactor  
  49  8:56  Refinery  
  49  8:57  Refinery  
  49  8:58  Supply Depot x2  
  49  9:00  SCV x2  
  51  9:03  Barracks Reactor  
  51  9:04  Barracks Reactor  
  51  9:12  Marine, SCV  
  51  9:13  Stimpack, Missile Turret  
  53  9:18  SCV, Terran Infantry Armor Level 1  
  53  9:22  Supply Depot  
  53  9:23  Missile Turret  
  54  9:24  SCV  
  54  9:29  Viking  
  54  9:30  Viking, SCV  
  60  9:35  Siege Tank  
  60  9:37  Orbital Command, Barracks, SCV  
  64  9:42  Marine x4, SCV  
  64  9:44  Marine  
  70  9:50  Armory  
  70  9:51  SCV  
  71  9:55  SCV  
  71  9:56  Orbital Command  
  71  9:59  Marine  
  72  10:00  Marine x2  
  72  10:03  SCV  
  72  10:05  SCV  
  74  10:13  Marine x2  
  73  10:17  Marine  
  73  10:20  Marine x2  
  74  10:25  Marine  
  75  10:30  Marine x2, SCV x3  
  75  10:35  Marine  
  81  10:38  Marine x2  
  81  10:40  Medivac  
  81  10:41  Medivac  
  81  10:42  SCV x3  
  90  10:44  Marine  
  90  10:48  Marine  
  92  10:54  SCV x2  
  93  11:05  Marine x2  
  93  11:06  Marine x3, SCV  
  93  11:07  SCV x2  
  93  11:09  Medivac  
  93  11:11  Medivac, Marine  
  106  11:14  Terran Infantry Weapons Level 2, Combat Shields  
  106  11:18  SCV  
  106  11:20  SCV x2  
  106  11:25  Supply Depot  
  109  11:27  Supply Depot  
  109  11:28  Terran Infantry Armor Level 2  
  109  11:31  SCV  
  109  11:40  Orbital Command  
  102  11:54  Marine x7  
  97  11:55  Siege Tank, Medivac  
  108  12:09  SCV  
  108  12:10  SCV x2  
  108  12:11  Marine  
  108  12:12  Marine  
  113  12:21  Marine  
  113  12:22  Marine, SCV  
  116  12:25  Terran Vehicle Weapons Level 1  
  116  12:26  Marine x2  
  116  12:27  Siege Tank, SCV x2  
  123  12:30  Marine  
  123  12:31  Marine  
  123  12:34  SCV  
  126  12:38  Marine  
  126  12:39  Marine  
  126  12:42  Marine  
  126  12:43  Barracks x2  
  129  12:44  Marine x2  
  129  12:46  Command Center  
  129  13:12  Marine x2  
  131  13:20  Marine x2  
  133  13:27  Marine x2  
  133  13:32  Barracks Reactor x2  
  123  13:35  Marine x2  
  123  13:36  Marine  
  123  13:37  Marine  
  123  13:38  Marine  
  93  13:55  Marine x3  
  84  13:59  Marine  
  84  14:00  Marine  
  74  14:03  Marine  
  61  14:13  Marine x2  
  47  14:17  Orbital Command  
  47  14:18  Marine x3  
  47  14:19  Marine x3  
  47  14:22  Marine  
  47  14:23  Marine  
  51  14:30  Marine  
  51  14:31  Marine  
  46  14:36  Marine x4  
  46  14:37  Marine  
  45  14:40  Marine x2  
  45  14:41  Marine  
  47  14:56  Marine x4  
  47  14:57  Planetary Fortress  
  51  15:00  Siege Tank  
  51  15:01  Marine x2  
  51  15:02  Marine x3  
  51  15:03  Marine, SCV x2  
  62  15:14  Marine x2  
  62  15:15  SCV  
  62  15:19  Medivac x2  
  62  15:20  Marine x3  
  62  15:21  Marine  
  72  15:22  Marine  
  72  15:27  Marine x2  
  76  15:30  Marine  
  76  15:31  Marine  
  78  15:36  Marine  
  78  15:37  Marine  
  78  15:38  Marine x2  
  82  15:46  Marine x2  
  82  15:47  SCV x2  
  82  15:48  SCV  
  82  15:49  Marine  
  87  15:50  Marine  
  87  15:56  Siege Tank  
  92  15:59  SCV x2  
  92  16:00  SCV  
  95  16:06  Marine x4  
  100  16:12  SCV  
  100  16:13  Marine  
  100  16:17  SCV  
  102  16:21  Refinery  
  102  16:22  Refinery  
  102  16:28  Marine x2  
  104  16:45  SCV x2, Refinery  
  104  16:46  Refinery  
  106  16:47  Marine x4  
  106  16:48  Marine x2  
  112  17:02  Marine x3  
  112  17:03  Marine  
  112  17:06  Supply Depot  
  116  17:10  Siege Tank  
  116  17:15  Marine x2, SCV  
  122  17:27  SCV  
  123  17:34  Marine x3  
  123  17:35  Marine  
  97  17:42  Siege Tank  
  97  17:43  Marine x2  
  97  17:44  Marine  
  103  17:48  Marine x2  
  105  17:57  Terran Infantry Weapons Level 3  
  79  18:17  Marine  
  79  18:18  Marine x3  
  60  18:37  Marine x5  
  60  18:38  Marine x3  
  68  19:04  Marine x5  
  68  19:05  Marine x4  
  68  19:06  Siege Tank, Medivac x2  
  68  19:07  Marine  
  68  19:09  Supply Depot  
  85  19:10  Supply Depot  
  85  19:12  SCV  
  85  19:15  SCV  
  85  19:22  Marine  
  85  19:24  Marine x4  
  85  19:26  Marine  
  90  19:35  SCV x3  
  93  19:41  Marine x5  
  98  19:50  SCV x3  
  101  19:58  Marine x2  
  101  19:59  Marine  
  101  20:02  SCV x2  
  93  20:30  Marine x5  
  93  20:35  Marine x4  
  90  20:56  Marine x3  
  90  20:57  Marine  
  90  21:11  Marine x2  
  90  21:12  Marine x2  
  94  21:28  Marine x3  
  94  21:29  Marine x2  
  94  21:30  Marine  
  100  21:42  Marine x2  
  68  22:04  Marine x4  
  42  23:14  Orbital Command  
  42  24:14  Starport, SCV  
  43  24:28  Supply Depot  
  43  24:30  Supply Depot  
  43  24:32  Supply Depot  
  43  24:56  Supply Depot  
  43  24:58  Supply Depot  
  42  25:21  Viking  
  42  25:22  Engineering Bay, SCV  
  45  25:42  SCV  
  46  25:50  Missile Turret  
  46  26:04  Marine  
  46  26:05  Marine x3  
  46  26:09  SCV  
  51  26:16  Marine  
  52  26:22  Marine  
  52  26:25  SCV  
  54  26:32  Supply Depot  
  54  26:44  Marine  
  55  26:54  Marine x2  
  57  26:56  Marine  
  57  26:57  Marine  
  59  27:10  Missile Turret  
  59  27:11  Medivac  
  61  27:37  SCV  
  61  27:39  Marine  
  63  27:57  Supply Depot  
  63  28:01  Supply Depot  
  63  28:18  Marine x3  
  63  28:19  Marine x2, SCV  
  66  28:36  Marine x3  
  66  28:37  Marine  
  66  28:38  Marine  
  40  28:54  Marine x3, SCV  
  40  28:55  Marine x2  
  43  29:11  SCV  
  43  29:12  Marine x3  
  43  29:13  Marine  
  48  29:21  Marine  
  49  29:30  Marine x3, SCV  
  53  29:32  Widow Mine  
  55  29:42  SCV  
  56  29:46  Marine x2  
  56  29:47  Marine  
  56  29:48  Marine  
  56  29:52  Marine  
  61  30:03  Marine  
  61  30:04  Marine  
  61  30:05  Marine  
  64  30:07  Widow Mine  
  64  30:08  Marine  
  64  30:13  Marine  
  68  30:21  Marine x2  
  68  30:23  Marine  
  68  30:27  Marine  
  72  30:30  SCV  
  72  30:31  Marine  
  74  30:41  Marine x2  
  76  30:50  Marine  
  76  30:51  Marine  
  76  30:56  Supply Depot  
Tags
 
Add a new tag
Caveats
  • Supply blocks, unpowered buildings, or Contaminate may cause inaccurate times.
  • Supply counts are checked every 10 seconds.